 Dungeon Crawl Stone Soup version 0.30.1-11-g7821555f0a (webtiles) character file.

Game seed: 16282972338623587378

245 Janerl the Poker (level 6, -3/38 HPs)
             Began as a Tengu Berserker on Jan 6, 2024.
             Was a Believer of Trog.
             Slain by a gnoll
             ... wielding a +0 spear
              (6 damage)
             ... on level 3 of the Dungeon.
             The game lasted 00:06:58 (1710 turns).

Janerl the Poker (Tengu Berserker)                  Turns: 1710, Time: 00:06:59

Health: -3/38      AC:  3    Str: 20    XL:     6   Next: 10%
Magic:  7/7        EV: 15    Int:  7    God:    Trog [**....]
Gold:   143        SH:  0    Dex: 11    Spells: 5/5 levels left

rFire   . . .        o - +1 mace (holy)
rCold   . . .        (no shield)
rNeg    . . .        m - +0 robe of Midnight {rElec Regen+ rCorr Dex-2}
rPois   .            (helmet restricted)
rElec   +            p - +0 cloak
rCorr   +            (no gloves)
SInv    .            (boots unavailable)
Will    .....        (no amulet)
Stlth   ++           (no ring)
HPRegen 1.06/turn    (no ring)
MPRegen 0.10/turn

%: no passive effects
@: flying quickly and evasively, quick
A: beak, talons 3, nimble flight
a: Renounce Religion, Berserk, Trog's Hand


You were on level 3 of the Dungeon.
You worshipped Trog.
Trog was pleased with you.
You visited 1 branch of the dungeon, and saw 3 of its levels.

You collected 143 gold pieces.

Inventory:

Hand Weapons
 a - a +0 spear
 o - a +1 mace of holy wrath (weapon)
Armour
 b - a +0 animal skin
 m - the +0 robe of Midnight (worn) {rElec Regen+ rCorr Dex-2}
   (You found it on level 2 of the Dungeon)

   Dex:       It affects your dexterity (-2).
   rElec:     It insulates you from electricity.
   Regen:     It increases your rate of health regeneration.
   rCorr:     It protects you from acid and corrosion.
 p - a +0 cloak (worn)
Scrolls
 g - a scroll of blinking {unknown}
 h - a scroll of teleportation {unknown}
 k - a scroll of immolation {unknown}
 l - 4 scrolls of identify {unknown}
 n - a scroll of enchant weapon {unknown}
Potions
 c - a potion of cancellation {unknown}
 d - 4 potions of brilliance {unknown}
 e - a potion of curing {unknown}
 f - a potion of mutation {unknown}
 i - a potion of degeneration {unknown}
 j - a potion of attraction {unknown}


   Skills:
 + Level 4.0 Fighting
 + Level 0.4 Maces & Flails
 + Level 5.5 Polearms
 + Level 2.6 Armour
 + Level 3.3 Dodging
 + Level 1.5 Stealth


You had 5 spell levels left.
You didn't know any spells.
Your spell library was empty.

Dungeon Overview and Level Annotations

Branches:
Dungeon (3/15)

Altars:

Shops:
D:2 [


Innate Abilities, Weirdness & Mutations

You have a beak for a mouth.
You have claws for feet.
Your magical nature lets you fly swiftly and evasively.


Message History

You hit the ball python. Your peck misses the ball python.
The ball python is severely wounded.
The gnoll hits you from afar with a +0 spear!
The gnoll hits you with a +0 club. The ball python misses you.
The ball python constricts you.
You hit the ball python.
You kill the ball python!
Trog accepts your kill. The gnoll barely misses you.
The gnoll closely misses you. The gnoll misses you.
The gnoll hits you with a +0 club!
You barely miss the gnoll. You peck the gnoll.
The gnoll is heavily wounded.
The gnoll closely misses you.
The gnoll hits you from afar with a +0 spear.
* * * LOW HITPOINT WARNING * * *
Unknown command.
You thump the gnoll!
You kill the gnoll!
Trog accepts your kill.
The gnoll hits you from afar with a +0 spear.
* * * LOW HITPOINT WARNING * * *
The dart slug launches a dart at you. The slug dart hits you.
* * * LOW HITPOINT WARNING * * *
The gnoll closely misses you. The gnoll completely misses you.
The dart slug launches a dart at you.
The slug dart hits you but does no damage.
You hit the dart slug. You peck the dart slug.
The dart slug is almost dead.
The gnoll hits you but does no damage. The gnoll barely misses you.
The dart slug launches a dart at you.
The slug dart hits you but does no damage.
You hit the dart slug.
You kill the dart slug!
Trog accepts your kill.
The gnoll hits you from afar with a +0 spear.
* * * LOW HITPOINT WARNING * * *
The gnoll hits you with a +0 spear.
You die...

#.#.......###....###
#..................
#############..###....#
........#####..# ....#
...............# ....###
.######..####..###.......
.## #(.......#### ..#
#..##........ ..#
#...@..#..... (.#
#.†##g.# ###. .†#
#..##..# ..### #........
....###.# ...##.##?.
......... ....##.# .##
..#####.# ###...#.. # .[#
#... .. ..#


You could see a gnoll.

Vanquished Creatures
  Jessica (D:2)
  Terence (D:2)
  Natasha (thrice) (D:2)
  5 gnolls
  2 adders
  A worm (D:2)
  4 dart slugs
  6 ball pythons
  3 bats
  2 endoplasms
  3 giant cockroaches
  2 goblins
  3 hobgoblins
  2 jackals (D:2)
  4 quokkas
  5 kobolds
  3 rats (D:1)
50 creatures vanquished.

Notes
Turn   | Place    | Note
-------+----------+-------------------------------------------
     0 | D:1      | Janerl the Tengu Berserker began the quest for the Orb.
     0 | D:1      | Reached XP level 1. HP: 14/14 MP: 2/2
   115 | D:1      | Reached XP level 2. HP: 13/19 MP: 3/3
   460 | D:1      | Found a faded altar of an unknown god.
   688 | D:2      | Noticed Natasha
   697 | D:2      | Killed Natasha
   698 | D:2      | Reached skill level 4 in Polearms
   698 | D:2      | Reached XP level 3. HP: 17/23 MP: 4/4
   701 | D:2      | Reached skill level 1 in Stealth
   810 | D:2      | Identified the +0 robe of Midnight {rElec Regen+ rCorr
                  | Dex-2}
   877 | D:2      | Reached XP level 4. HP: 20/28 MP: 5/5
  1002 | D:2      | Noticed Natasha
  1002 | D:2      | Noticed Terence
  1013 | D:2      | Killed Natasha
  1014 | D:2      | Gained mutation: Your magical nature lets you fly swiftly
                  | and evasively. [Tengu growth]
  1014 | D:2      | Reached XP level 5. HP: 33/33 MP: 6/6
  1016 | D:2      | Killed Terence
  1017 | D:2      | Reached skill level 5 in Polearms
  1150 | D:2      | Found Sinymu's Armour Shop.
  1167 | D:2      | Noticed Natasha
  1175 | D:2      | Killed Natasha
  1223 | D:2      | Noticed Jessica
  1228 | D:2      | Killed Jessica
  1361 | D:2      | Reached ** piety under Trog
  1701 | D:3      | Reached XP level 6. HP: 38/38 MP: 7/7
  1710 | D:3      | Slain by a gnoll

Illustrated notes

Levels and vault maps discovered:
D:1:      wander_arrival_fairy_ring, layout_rooms,
          shapermc_ecumenical_altar_flowoftime
D:2:      layout_basic, serial_shops, nicolae_shop_back_alley_shop,
          uniq_terence, uniq_jessica, uniq_natasha
D:3:      layout_basic, grunt_decor_one_mirror, uniq_ijyb

Skill      XL: |  1  2  3  4  5 |
---------------+----------------+-----
Polearms       | 4 5 |  5.5
Stealth        | 1 |  1.5
Dodging        | 3 |  3.3
Fighting       | 4 |  4.0
Maces & Flails | |  0.4
Armour         | |  2.6

Action                     |  1- 3 |  4- 6 || total
---------------------------+-------+-------++-------
  Melee: Spear             |    41 |    25 ||    66
         Peck              |     7 |     9 ||    16
         Kick              |     7 |    11 ||    18
         Mace              |       |    35 ||    35
 Invoke: Berserk           |     1 |     1 ||     2
   Stab: Sleeping          |     1 |       ||     1
 Armour: Animal skin       |     6 |       ||     6
         Robe              |       |     7 ||     7
  Dodge: Dodged            |    35 |    50 ||    85
